 Dungeon Crawl Stone Soup version 0.27-a0-887-gcab673c142 (webtiles) character file.

Game seed: 857751567430363614

26 Alarkh the Insei (level 2, 0/23 HPs)
             Began as a Demonspawn Gladiator on Apr 4, 2021.
             Slain by an adder (2 damage)
             ... on level 1 of the Dungeon.
             The game lasted 00:00:43 (768 turns).

Alarkh the Insei (Demonspawn Gladiator)              Turns: 768, Time: 00:00:43

Health: 0/23       AC:  4    Str: 14    XL:     2   Next: 89%
Magic:  2/2        EV: 12    Int:  9    God:
Gold:   14         SH:  0    Dex: 14    Spells: 1/1 levels left

rFire    . . .     SeeInvis .     - Unarmed
rCold    . . .     Faith    .   (no shield)
rNeg     . . .     Spirit   .   a - +0 leather armour
rPois    .         Reflect  .   b - +0 helmet
rElec    .         Harm     .   (no cloak)
rCorr    .         Rampage  .   (no gloves)
Will     .....                  (no boots)
Stlth    +.........             (no amulet)
HPRegen  0.07/turn              (no ring)
MPRegen  0.08/turn              (no ring)

@: mighty, hasted, very quick
A: demonic magic 1
a: no special abilities


You were on level 1 of the Dungeon.
You visited 1 branch of the dungeon, and saw 2 of its levels.

You collected 14 gold pieces.

Inventory:

Missiles
 c - 3 throwing nets (quivered)
 g - 4 atropa-tipped darts
Armour
 a - a +0 leather armour (worn)
 b - a +0 helmet (worn)
Scrolls
 d - 3 scrolls of identify {unknown}


   Skills:
 + Level 2.5 Fighting
 - Level 1.7 Throwing
 - Level 2.6 Dodging
 * Level 3.4 Unarmed Combat


You had one spell level left.
You didn't know any spells.
Your spell library was empty.

Dungeon Overview and Level Annotations

Branches:
Dungeon (2/15)

Altars:


Innate Abilities, Weirdness & Mutations

Spells you cast may paralyse adjacent enemies.


Message History

You are too injured to fight recklessly!
You are too injured to fight recklessly!
You are too injured to fight recklessly!
You are too injured to fight recklessly!
You hit the adder.
The adder is heavily wounded.
You feel sick. The adder bites you.
* * * LOW HITPOINT WARNING * * *
It was a potion of haste.
You feel yourself speed up.
You feel sick. The adder closely misses you.
It was a potion of might.
You feel very mighty all of a sudden.
You feel sick. The adder barely misses you.
You hit the adder.
The adder is heavily wounded.
The adder bites you but does no damage.
You barely miss the adder.
The adder is heavily wounded.
You feel sick.
You miss the adder.
The adder is heavily wounded.
The adder barely misses you.
You barely miss the adder.
The adder is heavily wounded.
You feel sick.
You are no longer poisoned.
The adder closely misses you.
You barely miss the adder.
The adder is heavily wounded.
The adder closely misses you.
You barely miss the adder.
The adder is heavily wounded.
The adder bites you but does no damage.
You barely miss the adder.
The adder is heavily wounded.
The adder bites you but does no damage.
You punch the adder!
You kill the adder!
You miss the adder. The adder bites you.
You die...

..#..#.#..#..#...#.#.#........###
##..##.##...#....#....#....[.....
..#...##..#...##.................
#################################
## ####### #####..##..#.# .#
#.....# #..)##..##.#.# .#
###...###### ##.#####..#.#.# .#
##.......###..### ##.(...## .#
##...>...@S...)# ##...).. .#
######....##.##.#####...##. †#
#............##.........##. .#
#.###.....#######.####..... .#
##.#.......# #.# #...#. .#
###....####### #.# ###.#. .#
#....### ####.# #... .# #.##.#
#....# ###. .# #.##.#
#######.#### #.


You could see an adder.

Vanquished Creatures
  An adder (D:1)
  3 dart slugs (D:1)
  2 ball pythons (D:1)
  A bat (D:1)
  An endoplasm (D:1)
  A kobold (D:1)
  3 rats (D:1)
12 creatures vanquished.

Notes
Turn   | Place    | Note
-------+----------+-------------------------------------------
     0 | D:1      | Alarkh the Demonspawn Gladiator began the quest for the
                  | Orb.
     0 | D:1      | Reached XP level 1. HP: 16/16 MP: 1/1
   156 | D:1      | Found a faded altar of an unknown god.
   243 | D:1      | Reached skill level 3 in Unarmed Combat
   368 | D:1      | Gained mutation: Spells you cast may paralyse adjacent
                  | enemies. [demonic ancestry]
   368 | D:1      | Reached XP level 2. HP: 22/22 MP: 2/2
   768 | D:1      | Slain by an adder

Illustrated notes

Levels and vault maps discovered:
D:1:      erik_arrival_cave_to_civilisation [erik_arrival_cave_to_hall],
          layout_rooms, basic_ecumenical_altar
D:2:      minmay_inner_zag, layout_basic, serial_shops, shop, basic_altar,
          minmay_rat_gold_closets

Skill      XL: |  1 |
---------------+----+-----
Unarmed Combat | 3 |  3.4
Fighting       | |  2.5
Throwing       | |  1.7
Dodging        | |  2.6

Action                   || total
-------------------------++-------
Melee: Unarmed           ||    71
  Use: Potion            ||     2
 Stab: Sleeping          ||     1
Armor: Leather armour    ||    34
Dodge: Dodged            ||    47

Table legend: (Time is in decaauts)
 A = Elapsed time spent in this place.
 B = Non-inter-level travel time spent in this place.
 C = Inter-level travel time spent in this place.
 D = Time resting spent in this place.
 E = Time spent auto-exploring this place.
 F = Levels seen in this place.
 G = Mean time per level.
                   A        B        C        D        E       F      G
               +--------+--------+--------+--------+--------+-----+--------+
         Total |    761 |    689 |     72 |      0 |    554 |   2 |  380.5 |
       Dungeon |    761 |    689 |     72 |      0 |    554 |   2 |  380.5 |
               +--------+--------+--------+--------+--------+-----+--------+

Top non-repeatable levels by time:
     D:1: 756 daAuts
     D:2: 5 daAuts
